Map: Prion Terraces

Players

Miszu - Winner!

  • Race: Terran Terran
  • League: Diamond

DelaSomBra

  • Race: Zerg Zerg
  • League: Master

VOD

Have the link to the VOD?

Description

Time

  • Played on: March 25, 2016, 5:40 p.m.
  • Length: 3:51
Show
View Real Time Build Order
Export as new Build Order

Miszu Terran - Winner!

Build Orders:  

Get SALT Encoding   

  12  0:01  SCV  
  13  0:13  SCV  
  14  0:18  Supply Depot  
  14  0:25  SCV  
  15  0:45  Barracks  
  15  0:53  Barracks  
  15  1:04  Barracks  
  15  1:32  Marine  
  16  1:36  Barracks  
  16  1:41  Supply Depot, Marine  
  17  1:50  Marine  
  17  1:52  Marine  
  19  1:59  Marine  
  20  2:08  Marine  
  21  2:09  Marine  
  22  2:17  Marine  
  22  2:25  Marine  
  22  2:27  Marine  
  24  2:34  Marine x2  
  25  2:43  Marine  
  26  2:45  Marine  
  26  2:51  Marine  
  26  2:52  Marine  
  28  3:01  Marine  
  28  3:03  Marine  
  30  3:09  Marine  
  31  3:30  Marine  
  31  3:31  Marine  
Show
View Real Time Build Order
Export as new Build Order

DelaSomBra Zerg 

Build Orders: Hatch First 

Get SALT Encoding   

  12  0:01  Drone  
  13  0:08  Drone  
  14  0:19  Extractor  
  14  0:20  Extractor, Drone  
  13  0:21  Drone  
  16  0:43  Hatchery  
  16  0:48  Overlord  
  15  1:04  Spawning Pool  
  15  1:07  Drone  
  15  1:09  Drone  
  16  1:14  Drone  
  16  1:18  Drone  
  18  1:21  Extractor  
  17  1:29  Drone  
  18  1:39  Drone  
  19  1:51  Queen  
  19  1:52  Zergling x2  
  22  1:55  Drone  
  22  1:57  Queen  
  25  2:05  Zergling x2  
  25  2:08  Zergling x2  
  27  2:14  Zergling x2  
  27  2:19  Zergling x2  
  25  2:32  Zergling x4  
  27  2:50  Zergling x2, Spine Crawler  
  27  2:58  Overlord  
  27  3:15  Baneling Nest  
  27  3:19  Zergling x2  
  29  3:20  Zergling x12  
Tags
 
Add a new tag
Caveats
  • Supply blocks, unpowered buildings, or Contaminate may cause inaccurate times.
  • Supply counts are checked every 10 seconds.